 Dungeon Crawl Stone Soup version 0.31-a0-743-g45f7035092 (webtiles) character file.

Game seed: 17708526837012533380

893 GloriousHammer the Cleaver (level 8, 0/64 HPs)
             Began as a Hill Orc Monk on Sept 11, 2023.
             Was a Believer of Beogh.
             Slain by a gnoll
             ... wielding a +0 spear
             ... led by a gnoll bouda
              (4 damage)
             ... on level 6 of the Dungeon on Sept 13, 2023.
             The game lasted 00:10:16 (4727 turns).

GloriousHammer the Cleaver (Hill Orc Monk)          Turns: 4727, Time: 00:10:17

Health: 0/64       AC: 12    Str: 16    XL:     8   Next: 6%
Magic:  11/11      EV: 15    Int: 10    God:    Beogh [**....]
Gold:   343        SH:  0    Dex: 13    Spells: 7/7 levels left

rFire   . . .        r - +1 short sword (vamp)
rCold   . . .        d - orb {light}
rNeg    . . .        n - +0 scale mail
rPois   .            k - +0 helmet
rElec   .            o - +0 cloak
rCorr   .            (no gloves)
SInv    .            (no boots)
Will    .....        (no amulet) Stlth
                     E - +5 ring of evasion
HPRegen 0.30/turn    T - +4 ring of protection
MPRegen 0.12/turn

%: no passive effects
@: glowing
A: no striking features
a: Renounce Religion, Smiting


You were on level 6 of the Dungeon.
You worshipped Beogh.
Beogh was pleased with you.
You visited 1 branch of the dungeon, and saw 6 of its levels.

You collected 379 gold pieces.
You spent 36 gold pieces at shops.

Inventory:

Hand Weapons
 a - a +0 hand axe
 e - a +0 short sword of electrocution
 r - a +1 vampiric short sword (weapon)
Missiles
 f - 9 poisoned darts
 l - 3 boomerangs
Armour
 d - an orb of light (worn)
 h - a +0 plate armour
 k - a +0 helmet (worn)
 n - a +0 scale mail (worn)
 o - a +0 cloak (worn)
Jewellery
 s - an amulet of guardian spirit
 E - a +5 ring of evasion (left hand)
 T - a +4 ring of protection (right hand)
Wands
 q - a wand of roots (16)
 t - a wand of polymorph (10)
 u - a wand of flame (14)
Scrolls
 i - 6 scrolls of teleportation
 j - a scroll of revelation
 p - a scroll of fear {unknown}
 w - a scroll of enchant armour
 x - a scroll of fog {unknown}
Potions
 b - a potion of magic {unknown}
 c - a potion of ambrosia
 g - 3 potions of curing
 m - a potion of might {unknown}
 v - a potion of invisibility {unknown}
 z - a potion of lignification {unknown}
 A - a potion of heal wounds {unknown}


   Skills:
 - Level 3.6 Fighting
 * Level 11.2 Axes
 - Level 2.4 Dodging
 + Level 4.7 Invocations


You had 7 spell levels left.
You didn't know any spells.
Your spell library contained the following spells:

 Spells                   Type           Power      Damage    Failure   Level
 Magic Dart               Conj           0%         1d3       82%         1
 Summon Small Mammal      Summ           0%         N/A       82%         1
 Call Imp                 Summ           0%         N/A       91%         2
 Call Canine Familiar     Summ           0%         N/A       99%         3
 Mephitic Cloud           Conj/Pois/Air  0%         N/A       99%         3
 Summon Guardian Golem    Hex/Summ       0%         N/A       99%         3


Dungeon Overview and Level Annotations

Branches:
Dungeon (6/15)             Temple (0/1) D:5

Altars:

Shops:
D:4 ?


Message History

The steam dragon misses you. The steam dragon closely misses you.
You hit the steam dragon but do no damage.
The steam dragon is heavily wounded.
You are engulfed in a cloud of scalding steam.
The steam dragon breathes steam at you. The ball of steam hits you!!
Ouch! That really hurt!
* * * LOW HITPOINT WARNING * * *
You slash the steam dragon!
The steam dragon is severely wounded.
You are engulfed in a cloud of scalding steam.
Okay, then.
Aiming: Smiting
Press: ? - help, Dir - move target, f - steam dragon Smite: a steam dragon (severely wounded, haloed)
You smite the steam dragon!
You kill the steam dragon!
Beogh accepts your kill.
Your Axes skill increases to level 11!
You have reached level 8!
There is an open door here.
You start resting.
Magic restored.
You start resting.
A gnoll bouda comes into view.
It is wielding a +0 club. 3 gnolls come into view.
The gnoll shouts! x2
The gnoll moves out of view.
There is an open door here.
The gnoll attacks as it pursues you! The gnoll barely misses you.
The gnoll bouda shouts!
The gnoll attacks as it pursues you! The gnoll misses you.
The gnoll bouda barks out a call to the hunt!
The gnoll picks up the pace!
The gnoll hits you with a +0 club.
* * * LOW HITPOINT WARNING * * *
The gnoll attacks as it pursues you! The gnoll hits you but does no damage.
The gnoll attacks as it pursues you! The gnoll barely misses you.
The gnoll bouda barks out a call to the hunt!
The gnoll picks up the pace!
The gnoll misses you.
You see here a +0 spear.
You hit the gnoll.
The gnoll is lightly wounded.
You slash the gnoll!
The gnoll is severely wounded.
The gnoll hits you but does no damage.
You feel a sense of dread.
r - a +1 vampiric short sword (weapon)
The gnoll hits you from afar with a +0 spear.
* * * LOW HITPOINT WARNING * * *
The gnoll hits you with a +0 club.
* * * LOW HITPOINT WARNING * * *
You hit the gnoll.
You feel better.
The gnoll is almost dead.
The gnoll closely misses you. The gnoll hits you but does no damage.
You hit the gnoll.
You kill the gnoll!
Beogh accepts your kill. The gnoll barely misses you.
You hit the gnoll bouda but do no damage.
The gnoll hits you from afar with a +0 spear.
* * * LOW HITPOINT WARNING * * *
You hit the gnoll bouda but do no damage.
The gnoll bouda hits you with a +0 club.
* * * LOW HITPOINT WARNING * * *
The gnoll barely misses you.
You hit the gnoll bouda.
You feel better.
The gnoll bouda is lightly wounded.
The gnoll bouda hits you but does no damage.
The gnoll barely misses you.
You barely miss the gnoll bouda.
The gnoll bouda is lightly wounded.
The gnoll bouda closely misses you. The gnoll barely misses you.
You hit the gnoll bouda but do no damage.
The gnoll bouda is lightly wounded.
The gnoll bouda hits you but does no damage.
The gnoll hits you from afar with a +0 spear.
* * * LOW HITPOINT WARNING * * *
You hit the gnoll bouda.
The gnoll bouda is moderately wounded.
The gnoll bouda hits you with a +0 club.
* * * LOW HITPOINT WARNING * * *
The gnoll closely misses you.
You hit the gnoll bouda but do no damage.
The gnoll bouda is moderately wounded.
The gnoll is no longer moving quickly.
The gnoll bouda barks out a call to the hunt!
The gnoll picks up the pace!
The gnoll hits you but does no damage.
You hit the gnoll bouda.
The gnoll bouda is moderately wounded.
The gnoll bouda closely misses you. The gnoll hits you but does no damage.
Unknown command.
You hit the gnoll bouda but do no damage.
The gnoll bouda is moderately wounded.
The gnoll bouda hits you with a +0 club!
* * * LOW HITPOINT WARNING * * *
The gnoll hits you from afar with a +0 spear.
You die...

.y..#....†...#..##.....##...
... #..#######..#...........
y. #..###..##..#(.......... .
#...........#......##..#
#...........##.....##..######
###+######..##.....##........
# #..##...............
....##..##g..............
.........@gg....##.g##....
.##..##..##.....##..##..$. #.
#..##.....##...#.... ..
#..##.....'....#.... ..
#####.....##..##.... #
#......##### .... #.......#
.... ##.....## #######


You could see a gnoll bouda and 2 gnolls.

Vanquished Creatures
  A steam dragon (D:6)
  An ice beast (D:6)
  A sky beast (D:6)
  An ogre (D:4)
  Blork the orc (D:4)
  A scorpion (D:4)
  A howler monkey (D:5)
  2 hounds
  A jelly (D:5)
  An orc priest (D:5)
  2 iguanas
  Ijyb (D:3)
  An orc wizard (D:5)
  Robin (D:4)
  2 adders
  2 gnolls
  5 orcs
  3 ball pythons (D:1)
  5 endoplasms
  4 giant cockroaches
  13 goblins
  8 hobgoblins
  6 jackals
  7 kobolds
  5 bats
  A frilled lizard (D:2)
  2 rats (D:1)
79 creatures vanquished.

Vanquished Creatures (others)
  An orc (D:3)
1 creature vanquished.

Grand Total: 80 creatures vanquished

Notes
Turn   | Place    | Note
-------+----------+-------------------------------------------
     0 | D:1      | GloriousHammer the Hill Orc Monk began the quest for the
                  | Orb.
     0 | D:1      | Reached XP level 1. HP: 19/19 MP: 1/1
   249 | D:1      | Reached XP level 2. HP: 26/26 MP: 2/2
   473 | D:1      | Reached skill level 5 in Axes
   570 | D:1      | Reached XP level 3. HP: 26/31 MP: 3/3
  1084 | D:2      | Reached skill level 6 in Axes
  1913 | D:3      | Reached XP level 4. HP: 39/39 MP: 4/4
  1929 | D:3      | Became a worshipper of Beogh the Brigand
  1929 | D:3      | Reached * piety under Beogh
  1929 | D:3      | Reached ** piety under Beogh
  2287 | D:4      | Upgraded the game from 0.31-a0-716-gc7603755dd to
                  | 0.31-a0-728-g01b46875f1
  2287 | D:4      | Upgraded the game from 0.31-a0-728-g01b46875f1 to
                  | 0.31-a0-743-g45f7035092
  2291 | D:4      | Noticed an ogre
  2319 | D:3      | Reached skill level 7 in Axes
  2425 | D:4      | Killed an ogre
  2426 | D:4      | Reached skill level 8 in Axes
  2426 | D:4      | Reached XP level 5. HP: 28/45 MP: 5/5
  2652 | D:4      | Reached XP level 6. HP: 50/51 MP: 6/6
  3060 | D:4      | Noticed Ijyb
  3140 | D:4      | Noticed Robin
  3167 | D:3      | Killed Ijyb
  3168 | D:3      | Reached skill level 9 in Axes
  3168 | D:3      | Reached skill level 1 in Invocations
  3192 | D:4      | Killed Robin
  3497 | D:4      | Found Fajoor's Magic Scroll Emporium.
  3501 | D:4      | Bought a scroll of teleportation for 36 gold pieces
  3629 | D:4      | Noticed Blork the orc
  3645 | D:4      | Killed Blork the orc
  3705 | D:5      | Entered Level 5 of the Dungeon
  3805 | D:5      | Reached XP level 7. HP: 41/57 MP: 7/9
  3880 | D:5      | Reached skill level 10 in Axes
  3881 | D:5      | Found a staircase to the Ecumenical Temple.
  4635 | D:6      | Noticed a steam dragon
  4655 | D:6      | Killed a steam dragon
  4656 | D:6      | Reached skill level 11 in Axes
  4656 | D:6      | Reached XP level 8. HP: 6/64 MP: 7/11
  4727 | D:6      | Slain by a gnoll

Illustrated notes

Levels and vault maps discovered:
D:1:      dpeg_arrival_stone_temple_mockup, layout_basic, hangedman_glass_teeth,
          minmay_hexomino_c4
D:2:      layout_loops_ring
D:3:      layout_rooms, serial_park_tiny_pond
D:4:      layout_basic, serial_shops, nicolae_shop_back_alley_shop, uniq_ijyb,
          uniq_blork_the_orc, uniq_robin
D:5:      layout_loops_cross, minmay_temple_entry_wispy
D:6:      layout_gridville

Skill      XL: |  1  2  3  4  5  6  7 |
---------------+----------------------+-----
Axes           | 5 6 8 9 11 | 11.2
Invocations    | 2 4 |  4.7
Fighting       | |  3.6
Dodging        | |  2.4

Action                     |  1- 3 |  4- 6 |  7- 9 || total
---------------------------+-------+-------+-------++-------
  Melee: Short sword       |    84 |   134 |    50 ||   268
         Unarmed           |       |     9 |       ||     9
         Hand axe          |       |       |    27 ||    27
 Invoke: Convert to Beogh  |       |     1 |       ||     1
         Smiting           |       |       |     1 ||     1
    Use: Scroll            |       |     3 |       ||     3
 Armour: Robe              |    43 |       |       ||    43
         Ring mail         |     7 |       |       ||     7
         Scale mail        |     4 |    45 |    44 ||    93
         Skin              |       |     3 |       ||     3
  Dodge: Dodged            |    69 |    95 |    48 ||   212

Table legend: (Time is in decaauts)
 A = Elapsed time spent in this place.
 B = Non-inter-level travel time spent in this place.
 C = Inter-level travel time spent in this place.
 D = Time resting spent in this place.
 E = Time spent auto-exploring this place.
 F = Levels seen in this place.
 G = Mean time per level.
                   A        B        C        D        E       F      G
               +--------+--------+--------+--------+--------+-----+--------+
         Total |   4696 |   4458 |    238 |    862 |   2623 |   6 |  782.7 |
       Dungeon |   4696 |   4458 |    238 |    862 |   2623 |   6 |  782.7 |
               +--------+--------+--------+--------+--------+-----+--------+

Top non-repeatable levels by time:
     D:4: 1256 daAuts
     D:1: 991 daAuts
     D:5: 738 daAuts
     D:3: 731 daAuts
     D:2: 703 daAuts
     D:6: 275 daAuts
